 Dungeon Crawl Stone Soup version 0.17-a0-1927-g319369b (webtiles) character file.

420 Ordine the Digger (level 6, -11/32 HPs)
             Began as a Gargoyle Earth Elementalist on Sept 29, 2015.
             Killed from afar by ontamu's ghost (24 damage)
             ... with a stone arrow
             ... on level 4 of the Dungeon.
             The game lasted 00:25:00 (4587 turns).

Ordine the Digger (Gargoyle Earth Elementalist)     Turns: 4587, Time: 00:25:00

Health: -11/32     AC: 10    Str: 11    XL:     6   Next: 94%
Magic:  4/13       EV: 12    Int: 18    God:
Gold:   105        SH:  0    Dex: 10    Spells: 4 memorised, 4 levels left

rFire  . . .     SeeInvis .     a - 101 stones
rCold  . . .     Clarity  .     b - +0 robe
rNeg   + . .     SustAt   .     (no shield)
rPois  ∞         Gourm    .     l - +0 helmet
rElec  +         Spirit   .     r - +1 cloak {MR+}
rCorr  .         Warding  .     o - +0 pair of gloves
rMut   .         Stasis   .     (no boots)
MR     +....                    (no amulet)
Stlth  ++........               (no ring)
                                (no ring)

@: somewhat resistant to hostile enchantments, unstealthy
A: negative energy resistance 1, electricity resistance, unbreathing,
petrification resistance, rot immunity, AC +4
a: no special abilities


You were on level 4 of the Dungeon.
You were hungry.

You visited 1 branch of the dungeon, and saw 4 of its levels.

You collected 105 gold pieces.

Inventory:

Hand weapons
 h - a +1 mace
Missiles
 a - 101 stones (in hand)
Armour
 b - a +0 robe (worn)
 l - a +0 helmet (worn)
 o - a +0 pair of gloves (worn)
 r - a +1 cloak of magic resistance (worn)
Magical staves
 t - an uncursed staff of poison
Magical devices
 f - a wand of frost (19)
 i - a wand of slowing (14)
Scrolls
 k - a scroll of recharging
 s - 2 scrolls of teleportation
Potions
 e - a potion of might
 j - a potion of curing
 m - a potion of invisibility
 n - a potion of magic
 p - a potion of degeneration {unknown}
 u - a potion of agility {unknown}
Books
 c - a book of Geomancy

   Spells                             Type                      Level
   a - Sandblast                      Earth                        1
   b - Stoneskin                      Transmutation/Earth          2
   c - Passwall                       Transmutation/Earth          3
   d - Stone Arrow                    Conjuration/Earth            3
   e - Petrify                        Transmutation/Earth          4
   f - Lee's Rapid Deconstruction     Earth                        5
Comestibles
 d - a bread ration
 g - 2 royal jellies
 q - 2 chunks of flesh


   Skills:
 - Level 1.5 Dodging
 - Level 2.1 Stealth
 * Level 5.1 Spellcasting
 + Level 2.3 Conjurations
 - Level 0.7 Transmutations
 + Level 5.8 Earth Magic


You had 4 spell levels left.
You knew the following spells:

 Your Spells              Type           Power        Failure   Level  Hunger
a - Sandblast             Erth           ####..       1%          1    None
b - Stoneskin             Trmt/Erth      ###.....     6%          2    #......
c - Stone Arrow           Conj/Erth      ###...       10%         3    ##.....
d - Lee's Rapid Deconstr  Erth           ####......   34%         5    ######.


Dungeon Overview and Level Annotations

Branches:
Dungeon (4/15)
 Temple: D:4-7

Altars:
Dithmenos

Shops:
D:4 %

Annotations:
D:4 ontamu's ghost, average DEEE


Innate Abilities, Weirdness & Mutations

You are resistant to torment.
Your stone body is resilient (AC +4).
You are immune to poison.
You resist negative energy.
You are resistant to electric shocks.
You can survive without breathing.
You are immune to petrification.
You are immune to rotting.


Message History

The rocky blast misses ontamu's ghost.
Ontamu's ghost casts a spell at you. The stone arrow hits you!
Ouch! That really hurt!
Casting: Sandblast
Confirm with . or Enter, or press ? or * to list all spells.
Aiming: Sandblast
Press: ? - help, Shift-Dir - straight line, f/p - ontamu's ghost
Aim: ontamu's ghost The rocky blast misses ontamu's ghost.
Casting: Sandblast
Confirm with . or Enter, or press ? or * to list all spells.
Aiming: Sandblast
Press: ? - help, Shift-Dir - straight line, f/p - ontamu's ghost
Aim: ontamu's ghost The rocky blast misses ontamu's ghost.
Ontamu's ghost casts a spell at you. The stone arrow hits you!
Ouch! That really hurt!
You die...

#......# #......#. ##
#(.....#.
...#......#.
..........>#
.....?..#... #.##W#
#..#.# ##.#@#
#...##########.
#######..#..........
....................
########............#
............^.......#
########............#
######............#
..................#


You could see ontamu's ghost.

Vanquished Creatures
  A hungry ghost (D:4)
  Crazy Yiuf (D:2)
  A centaur skeleton (D:4)
  Natasha (thrice) (D:2)
  Robin (D:2)
  8 adders
  An ooze (D:1)
  An adder skeleton (D:4)
  4 worms (D:2)
  4 orcs (D:3)
  9 bats
  13 goblins
  19 hobgoblins
  9 jackals
  A quokka (D:3)
  3 ball pythons
  5 giant cockroaches
  2 giant geckos
  3 giant newts
  9 kobolds
  9 rats
107 creatures vanquished.

Notes
Turn   | Place    | Note
--------------------------------------------------------------
     0 | D:1      | Ordine the Gargoyle Earth Elementalist began the quest for the Orb.
     0 | D:1      | Reached XP level 1. HP: 10/10 MP: 3/3
   205 | D:1      | Reached XP level 2. HP: 7/15 MP: 0/5
   209 | D:1      | Learned a level 2 spell: Stoneskin
   325 | D:1      | Reached skill level 4 in Earth Magic
   738 | D:1      | Reached XP level 3. HP: 16/19 MP: 2/7
   748 | D:1      | Learned a level 3 spell: Stone Arrow
  1352 | D:2      | Noticed Natasha
  1360 | D:2      | Killed Natasha
  1360 | D:2      | Reached XP level 4. HP: 15/24 MP: 1/9
  1506 | D:2      | Noticed Robin
  1529 | D:2      | Killed Robin
  1714 | D:2      | Noticed Natasha
  1723 | D:2      | Killed Natasha
  1800 | D:2      | Noticed Natasha
  1815 | D:2      | Killed Natasha
  1899 | D:2      | Reached XP level 5. HP: 16/28 MP: 6/10
  2146 | D:2      | Learned a level 5 spell: Lee's Rapid Deconstruction
  2165 | D:2      | Reached skill level 5 in Earth Magic
  3230 | D:2      | Noticed Crazy Yiuf
  3246 | D:2      | HP: 1/28 [Crazy Yiuf/wand of frost (4)]
  3250 | D:2      | Killed Crazy Yiuf
  3396 | D:3      | Reached skill level 1 in Conjurations
  3614 | D:3      | Reached XP level 6. HP: 25/32 MP: 1/12
  3835 | D:3      | Found a shadowy altar of Dithmenos.
  4495 | D:4      | Found Nexi's Food Shoppe.
  4565 | D:4      | Noticed a hungry ghost
  4577 | D:4      | Killed a hungry ghost
  4577 | D:4      | Reached skill level 5 in Spellcasting
  4583 | D:4      | Noticed ontamu's ghost (average DEEE)
  4587 | D:4      | Killed from afar by ontamu's ghost

Vault maps used:
D:1:      dpeg_arrival_refuge, minmay_misc_feat_cross, hangedman_feature_mirror,
          patterned_corridor
D:2:      uniq_natasha, uniq_crazy_yiuf_cottage, uniq_robin
D:3:      grunt_dithmenos_smoke_and_mirrors, kennysheep_generic_room_5
D:4:      serial_shops, shop, nicolae_shop_crystal, kennysheep_generic_room_15,
          uniq_pikel, uniq_menkaure, uniq_sigmund

Action                   |  1- 3 |  4- 6 || total
-------------------------+-------+-------++-------
Melee: Unarmed           |    13 |       ||    13
       Mace              |    16 |    50 ||    66
 Cast: Sandblast         |    66 |   195 ||   261
       Stoneskin         |       |     1 ||     1
  Use: Scroll            |     6 |     5 ||    11
       Potion            |       |     1 ||     1
  Eat: Chunk             |     2 |    10 ||    12
